 Dungeon Crawl Stone Soup version 0.26.1-11-gd32895ea62 (webtiles) character file.

Game seed: 1261280284730999609

390 Descartes the Blocker (level 7, 0/52 HPs)
             Began as a Formicid Fighter on June 12, 2021.
             Succumbed to a water moccasin's poison
             ... on level 6 of the Dungeon.
             The game lasted 00:05:45 (3053 turns).

Descartes the Blocker (Formicid Fighter)            Turns: 3053, Time: 00:05:46

Health: 0/52       AC:  8    Str: 18 (21) XL:     7   Next: 7%
Magic:  7/7        EV:  9    Int:  7 (9)  God:
Gold:   124        SH: 11    Dex:  9 (10) Spells: 6/6 levels left

rFire    . . .     SeeInvis +   a - +0 long sword
rCold    . . .     Faith    .   c - +0 kite shield
rNeg     . . .     Spirit   .   b - +0 scale mail
rPois    .         Reflect  .   (helmet unavailable)
rElec    .         Harm     .   (no cloak)
rCorr    .         Rampage  .   p - +0 pair of gloves
Will     .....                  (no boots)
Stlth    ..........             (no amulet)
HPRegen  0.17/turn              (no ring)
MPRegen  0.10/turn              (no ring)

@: mighty, lethally poisoned (0 -> -7), attractive, flying
A: permanent stasis, dig shafts and tunnels, four strong arms, antennae 3
a: Dig, Shaft Self


You were on level 6 of the Dungeon.
You visited 1 branch of the dungeon, and saw 4 of its levels.

You collected 124 gold pieces.

Inventory:

Hand Weapons
 a - a +0 long sword (weapon)
Missiles
 e - 3 atropa-tipped darts
 f - 57 bolts
 k - 18 sling bullets
 m - 38 stones
 u - 23 arrows
Armour
 b - a +0 scale mail (worn)
 c - a +0 kite shield (worn)
 p - a +0 pair of gloves (worn)
Jewellery
 s - an uncursed ring of protection from cold {unknown}
Wands
 n - a wand of iceblast (8)
 q - a wand of polymorph (6)
Scrolls
 g - 5 scrolls of identify {unknown}
 i - 5 scrolls of teleportation {unknown}
 j - a scroll of amnesia {unknown}
 o - a scroll of enchant armour {unknown}


   Skills:
 - Level 3.2 Fighting
 - Level 2.0 Long Blades
 - Level 3.2 Armour
 + Level 8.9 Shields


You had 6 spell levels left.
You didn't know any spells.
Your spell library was empty.

Dungeon Overview and Level Annotations

Branches:
Dungeon (6/15)
 Temple: D:4-7

Altars:

Annotations:
D:6 exclusion: centaur


Innate Abilities, Weirdness & Mutations

You cannot be hasted, slowed, berserked, paralysed or teleported.
You can dig through walls and to a lower floor.
Your four strong arms can wield two-handed weapons with a shield.
You have a pair of large antennae on your head. (SInv)


Message History

You feel sick.
The water moccasin bites you but does no damage.
It was a potion of haste.
Your stasis prevents you from being hasted.
* * * LOW HITPOINT WARNING * * *
You feel sick.
You block the water moccasin's attack. x2
It was a potion of flight.
You feel very buoyant.
You fly up into the air.
* * * LOW HITPOINT WARNING * * *
You feel sick.
The water moccasin bites you but does no damage.
You feel very mighty all of a sudden.
* * * LOW HITPOINT WARNING * * *
You feel sick.
The water moccasin bites you but does no damage.
You block the water moccasin's attack.
You slice the water moccasin!!
You kill the water moccasin!
You die...

### ..# #############.#
# .......)...##.# .#
#####....##.#######.#
#...................#
...........##.##.>....#
....#.#....#..........#
### #....#@#..##.....##
####.#)#..##.....#
#.#)#..##.#####
#.#.#..##.# #.#.#..##.#
#.#.#..##.# #.#.#..##.#
###'#.#..##.#
#.....#.....#


There were no monsters in sight!

Vanquished Creatures
  Sigmund (D:2)
  A water moccasin (D:6)
  3 wights (D:6)
  An orc wizard (D:6)
  3 adders
  2 worms (D:2)
  2 dart slugs (D:1)
  3 leopard geckos
  5 orcs
  A giant cockroach (D:1)
  3 goblins
  7 hobgoblins (D:1)
  4 jackals (D:2)
  6 bats
  3 frilled lizards (D:1)
  2 kobolds (D:1)
  3 rats
50 creatures vanquished.

Notes
Turn   | Place    | Note
-------+----------+-------------------------------------------
     0 | D:1      | Descartes the Formicid Fighter began the quest for the Orb.
     0 | D:1      | Reached XP level 1. HP: 18/18 MP: 1/1
    28 | D:1      | Reached skill level 4 in Shields
    88 | D:1      | Reached XP level 2. HP: 23/24 MP: 2/2
   537 | D:1      | Reached XP level 3. HP: 27/29 MP: 3/3
   685 | D:1      | Reached skill level 5 in Shields
  1387 | D:2      | Noticed Sigmund
  1559 | D:2      | Killed Sigmund
  1560 | D:2      | Reached skill level 7 in Shields
  1560 | D:2      | Reached XP level 4. HP: 23/35 MP: 4/4
  1560 | D:2      | Reached XP level 5. HP: 27/41 MP: 5/5
  1560 | D:2      | Reached XP level 6. HP: 32/47 MP: 6/6
  2319 | D:3      | You fall into a shaft and drop 3 floors!
  2438 | D:6      | Reached skill level 8 in Shields
  2932 | D:6      | Reached XP level 7. HP: 25/52 MP: 7/7
  3029 | D:6      | Noticed a water moccasin
  3050 | D:6      | HP: 2/52 [poisoned by a water moccasin]
  3053 | D:6      | Killed a water moccasin
  3053 | D:6      | Succumbed to a water moccasin's poison

Illustrated notes

Levels and vault maps discovered:
D:1:      shiori_arrival_maze, layout_loops_ring
D:2:      layout_loops_corners, uniq_sigmund
D:3:      layout_loops_ring, lemuel_doored_altar, portal_sewer_entry_e,
          uniq_grinder
D:6:      layout_basic, serial_shops, kennysheep_mini_moat, nrook_campfire,
          centaur_isle, uniq_maggie

Skill      XL: |  1  2  3  4  5  6 |
---------------+-------------------+-----
Shields        | 4 7 8 |  8.9
Fighting       | |  3.2
Long Blades    | |  2.0
Armour         | |  3.2

Action                   |  1- 3 |  4- 6 |  7- 9 || total
-------------------------+-------+-------+-------++-------
Melee: Long sword        |    88 |    89 |    17 ||   194
 Abil: Dig               |       |     2 |       ||     2
  Use: Potion            |       |       |     5 ||     5
Armor: Scale mail        |    30 |    42 |     8 ||    80
Dodge: Dodged            |    28 |    48 |     9 ||    85
Block: Kite shield       |    53 |    70 |    14 ||   137
       Rpst.: Long sword |    12 |    16 |     3 ||    31
